[ PARTIDA AOE2 · #457975977 ]
Team RMMalayos vs Shu
[ ANÁLISIS DE REPETICIÓN · EXTRAÍDO DE LA PARTIDA GRABADA ]
Feudal
15:45
Castillos
—
Imperial
—
| APM promedio | 19.7 |
| APM pico | 39 |
| eAPM promedio | 6.8 |
| Aldeanos / militares | 34 / 0 |
Foco
⚔️ 5.9% · 🌾 94.1%
Fishing Ship ×21
Feudal
10:04
Castillos
—
Imperial
—
| APM promedio | 37.4 |
| APM pico | 86 |
| eAPM promedio | 13.5 |
| Aldeanos / militares | 33 / 11 |
Foco
⚔️ 35.8% · 🌾 64.2%
Archer ×7 · Demolition Raft ×3 · Fishing Ship ×3 · Spearman ×1
Feudal
11:51
Castillos
—
Imperial
—
| APM promedio | 39.9 |
| APM pico | 89 |
| eAPM promedio | 15.1 |
| Aldeanos / militares | 31 / 2 |
Foco
⚔️ 14.5% · 🌾 85.5%
Skirmisher ×2
Feudal
11:20
Castillos
—
Imperial
—
| APM promedio | 49.3 |
| APM pico | 116 |
| eAPM promedio | 14.5 |
| Aldeanos / militares | 46 / 25 |
Foco
⚔️ 19.3% · 🌾 80.7%
Archer ×21 · Spearman ×4
Mapa de la partida
Recursos iniciales + cada clic de construcción. Líneas = muros · curvas = relieve. ◆ oro · ⬟ piedra · ● bayas · ✦ reliquia · ◌ hueco del cierre
Tu base· Abierta — flanco sin cerrar
Base de Jota· Abierta — flanco sin cerrar
Base de Phallus Linearis· Abierta — flanco sin cerrar
Base de Andrei Tarkovsky· Abierta — flanco sin cerrar
Terreno inicial suavizado · ◌ = hueco del cierre detectado · pasá el cursor para detalles
Inputs por minuto
— padloveslo - - Jota
Build order — padloveslo
85 acciones detectadas en el replay
| 0:08 | Construir | House |
| 0:09 | Crear | Villager (Male) |
| 0:09 | Crear | Villager (Male) |
| 0:10 | Crear | Villager (Male) |
| 0:10 | Crear | Villager (Male) |
| 0:33 | Construir | House |
| 1:46 | Crear | Villager (Male) |
| 2:06 | Crear | Villager (Male) |
| 2:47 | Construir | Lumber Camp |
| 2:54 | Crear | Villager (Male) |
| 3:13 | Crear | Villager (Male) |
| 3:13 | Crear | Villager (Male) |
| 3:41 | Crear | Villager (Male) |
| 4:11 | Crear | Villager (Male) |
| 4:11 | Crear | Villager (Male) |
| 4:11 | Crear | Villager (Male) |
| 4:19 | Construir | House |
| 4:49 | Construir | Mill |
| 4:51 | Crear | Villager (Male) |
| 5:26 | Crear | Villager (Male) |
| 5:55 | Construir | House |
| 6:06 | Crear | Villager (Male) |
| 6:06 | Crear | Villager (Male) |
| 6:40 | Construir | Dock |
| 6:52 | Crear | Villager (Male) |
| 6:52 | Crear | Villager (Male) |
| 6:52 | Crear | Villager (Male) |
| 7:11 | Construir | House |
| 7:26 | Crear | Villager (Male) |
| 7:27 | Crear | Villager (Male) |
| 7:27 | Crear | Villager (Male) |
| 7:33 | Construir | House |
| 8:03 | Crear | Fishing Ship |
| 8:12 | Construir | House |
| 8:15 | Construir | House |
| 8:16 | Construir | House |
| 8:55 | Construir | Lumber Camp |
| 9:00 | Crear | Villager (Male) |
| 9:01 | Crear | Villager (Male) |
| 9:53 | Crear | Fishing Ship |
| 9:54 | Crear | Fishing Ship |
| 9:59 | Crear | Villager (Male) |
| 10:07 | Construir | Dock |
| 10:21 | Crear | Villager (Male) |
| 10:23 | Crear | Villager (Male) |
| 11:07 | Crear | Villager (Male) |
| 11:08 | Crear | Villager (Male) |
| 11:15 | Crear | Fishing Ship |
| 11:22 | Crear | Fishing Ship |
| 11:23 | Crear | Fishing Ship |
| 11:26 | Crear | Fishing Ship |
| 11:29 | Crear | Fishing Ship |
| 11:31 | Crear | Fishing Ship |
| 11:44 | Construir | Palisade Wall |
| 12:02 | Construir | Palisade Wall |
| 12:35 | Construir | Mill |
| 12:44 | Crear | Villager (Male) |
| 12:44 | Crear | Villager (Male) |
| 12:44 | Crear | Villager (Male) |
| 12:45 | Crear | Villager (Male) |
| 12:56 | Crear | Fishing Ship |
| 12:57 | Crear | Fishing Ship |
| 12:57 | Crear | Fishing Ship |
| 12:58 | Crear | Fishing Ship |
| 13:07 | Construir | House |
| 13:15 | Construir | Barracks |
| 13:58 | Crear | Fishing Ship |
| 13:59 | Crear | Fishing Ship |
| 14:27 | Investigar | Feudal Age |
| 14:36 | Construir | Mining Camp |
| 14:57 | Crear | Fishing Ship |
| 14:57 | Crear | Fishing Ship |
| 14:58 | Crear | Fishing Ship |
| 14:58 | Crear | Fishing Ship |
| 15:02 | Crear | Fishing Ship |
| 15:02 | Crear | Fishing Ship |
| 15:39 | Construir | House |
| 15:40 | Construir | House |
| 15:41 | Construir | House |
| 15:43 | Construir | House |
| 15:44 | Construir | House |
| 15:45 | Edad | Edad Feudal |
| 15:45 | Construir | House |
| 15:47 | Construir | House |
| 15:58 | Construir | Archery Range |
Build order — Jota
69 acciones detectadas en el replay
| 0:01 | Crear | Villager (Male) |
| 0:02 | Crear | Villager (Male) |
| 0:02 | Crear | Villager (Male) |
| 0:02 | Crear | Villager (Male) |
| 0:02 | Crear | Villager (Male) |
| 0:03 | Crear | Villager (Male) |
| 0:05 | Construir | House |
| 0:06 | Construir | House |
| 1:34 | Crear | Villager (Male) |
| 1:34 | Crear | Villager (Male) |
| 1:34 | Crear | Villager (Male) |
| 1:50 | Crear | Villager (Male) |
| 1:50 | Crear | Villager (Male) |
| 2:32 | Construir | Lumber Camp |
| 2:48 | Crear | Villager (Male) |
| 2:49 | Crear | Villager (Male) |
| 2:49 | Crear | Villager (Male) |
| 3:22 | Crear | Villager (Male) |
| 3:22 | Crear | Villager (Male) |
| 3:22 | Crear | Villager (Male) |
| 4:16 | Construir | House |
| 4:17 | Construir | House |
| 4:39 | Crear | Villager (Male) |
| 4:42 | Crear | Villager (Male) |
| 4:42 | Investigar | Loom |
| 5:28 | Crear | Villager (Male) |
| 5:29 | Crear | Villager (Male) |
| 5:48 | Crear | Villager (Male) |
| 6:15 | Crear | Villager (Male) |
| 6:43 | Investigar | Loom |
| 6:56 | Construir | Mill |
| 7:25 | Crear | Villager (Male) |
| 7:54 | Investigar | Feudal Age |
| 8:02 | Construir | Mining Camp |
| 8:18 | Construir | House |
| 8:35 | Crear | Villager (Male) |
| 9:59 | Construir | Barracks |
| 10:04 | Edad | Edad Feudal |
| 10:08 | Investigar | Double-Bit Axe |
| 10:30 | Crear | Villager (Male) |
| 10:36 | Construir | Dock |
| 11:00 | Construir | Archery Range |
| 11:03 | Crear | Villager (Male) |
| 11:40 | Crear | Villager (Male) |
| 11:44 | Crear | Archer |
| 11:44 | Crear | Archer |
| 11:52 | Crear | Spearman |
| 12:00 | Crear | Villager (Male) |
| 12:10 | Crear | Villager (Male) |
| 12:19 | Construir | Blacksmith |
| 12:37 | Crear | Archer |
| 12:49 | Crear | Archer |
| 12:55 | Construir | Lumber Camp |
| 13:24 | Crear | Villager (Male) |
| 13:36 | Construir | House |
| 13:38 | Construir | House |
| 13:44 | Investigar | Fletching |
| 14:21 | Crear | Villager (Male) |
| 14:26 | Construir | House |
| 14:33 | Crear | Demolition Raft |
| 14:33 | Crear | Demolition Raft |
| 14:34 | Crear | Demolition Raft |
| 14:37 | Crear | Fishing Ship |
| 14:38 | Crear | Fishing Ship |
| 14:38 | Crear | Fishing Ship |
| 14:47 | Crear | Archer |
| 14:47 | Crear | Archer |
| 15:03 | Crear | Archer |
| 15:57 | Crear | Villager (Male) |
Build order — Phallus Linearis
58 acciones detectadas en el replay
| 0:00 | Crear | Villager (Male) ×4 |
| 0:02 | Construir | House |
| 0:06 | Construir | House |
| 1:27 | Crear | Villager (Male) |
| 1:51 | Construir | Lumber Camp |
| 1:56 | Crear | Villager (Male) |
| 2:45 | Crear | Villager (Male) |
| 2:59 | Crear | Villager (Male) |
| 2:59 | Crear | Villager (Male) |
| 3:42 | Crear | Villager (Male) |
| 4:09 | Crear | Villager (Male) |
| 4:30 | Construir | House |
| 4:33 | Construir | Mill |
| 4:50 | Crear | Villager (Male) |
| 4:51 | Crear | Villager (Male) |
| 5:56 | Crear | Villager (Male) |
| 6:16 | Crear | Villager (Male) |
| 6:26 | Construir | House |
| 6:42 | Crear | Villager (Male) |
| 6:42 | Crear | Villager (Male) |
| 6:42 | Crear | Villager (Male) |
| 6:50 | Construir | House |
| 7:01 | Crear | Villager (Male) |
| 7:36 | Crear | Villager (Male) |
| 7:38 | Construir | Lumber Camp |
| 8:14 | Construir | Barracks |
| 8:17 | Crear | Villager (Male) |
| 8:21 | Crear | Villager (Male) |
| 8:39 | Construir | Mining Camp |
| 8:45 | Crear | Villager (Male) |
| 9:03 | Investigar | Loom |
| 9:03 | Investigar | Feudal Age |
| 9:31 | Construir | Barracks |
| 9:55 | Construir | Farm |
| 10:05 | Construir | Farm |
| 10:42 | Construir | House |
| 10:52 | Construir | Palisade Wall |
| 11:20 | Crear | Villager (Male) |
| 11:20 | Crear | Villager (Male) |
| 11:30 | Crear | Villager (Male) |
| 11:51 | Edad | Edad Feudal |
| 11:57 | Crear | Villager (Male) |
| 11:57 | Crear | Villager (Male) |
| 12:05 | Construir | Watch Tower |
| 12:19 | Construir | Mill |
| 12:25 | Crear | Villager (Male) |
| 12:28 | Construir | Mining Camp |
| 12:35 | Investigar | Double-Bit Axe |
| 13:26 | Construir | Archery Range |
| 14:28 | Construir | Farm |
| 14:30 | Construir | Farm |
| 14:51 | Crear | Villager (Male) |
| 14:51 | Crear | Villager (Male) |
| 15:10 | Construir | Farm |
| 15:15 | Crear | Skirmisher |
| 15:15 | Crear | Skirmisher |
| 15:29 | Construir | Farm |
| 15:58 | Construir | Watch Tower |
Build order — Andrei Tarkovsky
95 acciones detectadas en el replay
| 0:00 | Crear | Villager (Male) |
| 0:01 | Crear | Villager (Male) |
| 0:01 | Crear | Villager (Male) |
| 0:03 | Construir | House |
| 0:08 | Construir | House |
| 0:18 | Crear | Villager (Male) |
| 0:19 | Crear | Villager (Male) |
| 1:30 | Crear | Villager (Male) |
| 1:30 | Crear | Villager (Male) |
| 1:30 | Crear | Villager (Male) |
| 1:54 | Crear | Villager (Male) |
| 1:54 | Crear | Villager (Male) |
| 2:44 | Crear | Villager (Male) |
| 2:45 | Crear | Villager (Male) |
| 2:45 | Crear | Villager (Male) |
| 3:26 | Crear | Villager (Male) |
| 3:26 | Crear | Villager (Male) |
| 4:05 | Crear | Villager (Male) |
| 4:07 | Construir | House |
| 4:33 | Crear | Villager (Male) |
| 4:33 | Crear | Villager (Male) |
| 4:37 | Construir | Mining Camp |
| 4:41 | Construir | House |
| 5:04 | Crear | Villager (Male) |
| 5:04 | Crear | Villager (Male) |
| 5:04 | Crear | Villager (Male) |
| 5:19 | Construir | Lumber Camp |
| 5:28 | Crear | Villager (Male) |
| 5:29 | Crear | Villager (Male) |
| 5:45 | Crear | Villager (Male) |
| 5:45 | Crear | Villager (Male) |
| 6:01 | Construir | House |
| 6:14 | Crear | Villager (Male) |
| 6:15 | Crear | Villager (Male) |
| 6:33 | Crear | Villager (Male) |
| 6:34 | Crear | Villager (Male) |
| 7:15 | Investigar | Loom |
| 7:48 | Construir | Barracks |
| 7:52 | Construir | House |
| 9:10 | Investigar | Feudal Age |
| 9:10 | Investigar | Feudal Age |
| 9:49 | Construir | Mill |
| 11:04 | Crear | Villager (Male) |
| 11:07 | Crear | Villager (Male) |
| 11:20 | Edad | Edad Feudal |
| 11:21 | Investigar | Double-Bit Axe |
| 11:21 | Investigar | Double-Bit Axe |
| 11:21 | Investigar | Double-Bit Axe |
| 11:26 | Construir | Archery Range |
| 11:31 | Construir | Archery Range |
| 11:37 | Crear | Villager (Male) ×4 |
| 11:48 | Crear | Archer |
| 12:09 | Crear | Archer ×5 |
| 12:10 | Crear | Archer |
| 12:11 | Crear | Archer |
| 12:21 | Crear | Archer ×2 |
| 12:22 | Crear | Archer ×2 |
| 12:44 | Crear | Spearman |
| 12:44 | Crear | Spearman |
| 13:03 | Crear | Villager (Male) |
| 13:03 | Crear | Villager (Male) |
| 13:07 | Crear | Archer ×2 |
| 13:07 | Crear | Archer ×2 |
| 13:59 | Crear | Archer |
| 13:59 | Crear | Archer |
| 14:13 | Construir | House |
| 14:14 | Construir | House |
| 14:14 | Construir | House |
| 14:14 | Construir | House |
| 14:15 | Construir | House |
| 14:15 | Construir | House |
| 14:17 | Crear | Villager (Male) |
| 14:17 | Crear | Villager (Male) |
| 14:17 | Crear | Villager (Male) |
| 14:18 | Crear | Villager (Male) |
| 14:24 | Construir | House |
| 14:25 | Construir | House |
| 14:25 | Construir | House |
| 15:13 | Crear | Villager (Male) |
| 15:14 | Crear | Villager (Male) |
| 15:18 | Construir | Farm |
| 15:18 | Construir | Farm |
| 15:18 | Construir | Farm |
| 15:19 | Construir | Farm |
| 15:19 | Construir | Farm |
| 15:19 | Construir | Farm |
| 15:19 | Construir | Farm |
| 16:04 | Crear | Archer |
| 16:04 | Crear | Archer |
| 16:04 | Crear | Archer |
| 16:05 | Crear | Villager (Male) |
| 16:05 | Crear | Villager (Male) |
| 16:06 | Crear | Villager (Male) |
| 16:12 | Crear | Spearman |
| 16:12 | Crear | Spearman |
Cronología de la partida
| 6:40 | padloveslo · first_building Dock |
| 7:48 | Andrei Tarkovsky · first_building Barracks |
| 8:14 | Phallus Linearis · first_building Barracks |
| 9:59 | Jota · first_building Barracks |
| 10:04 | Jota · age_up feudal |
| 10:36 | Jota · first_building Dock |
| 10:52 | Phallus Linearis · wall_segment Palisade Wall x1 |
| 11:00 | Jota · first_building Archery Range |
| 11:20 | Andrei Tarkovsky · age_up feudal |
| 11:26 | Andrei Tarkovsky · first_building Archery Range |
| 11:44 | padloveslo · wall_segment Palisade Wall x19 |
| 11:51 | Phallus Linearis · age_up feudal |
| 12:02 | padloveslo · wall_segment Palisade Wall x6 |
| 13:15 | padloveslo · first_building Barracks |
| 13:26 | Phallus Linearis · first_building Archery Range |
| 15:45 | padloveslo · age_up feudal |
| 15:58 | padloveslo · first_building Archery Range |
| 16:16 | Phallus Linearis · resign |
[ ANÁLISIS IA · 1 CRÉDITO ]
¿Qué pasó realmente en esta partida?
Wolo.gg analiza cada decisión: build order, eco, micro, errores típicos por bracket. Análisis personalizado por WhatsApp o Discord en 30 segundos.
Guía civ
Malayos
Guía mapa
Coastal Forest
Perfil
Jugador #8303877